AoeStats
← primo78n

Nomad

506780117Analyzed
2v2 RM · 18d ago on Sep 15, 2026· 59m 57s· 4 players
Game mode
Random Map
Map size
176×176
Population
200
Speed
Normal
Resources
Standard
Victory
Conquest
Starting age
Dark Age
Ending age
Imperial Age
RankedLock teamsTeams togetherTeam positionsShared explorationLock speedFull tech treeHidden civsTurbo modeCheats
Victory
Defeat
🇨🇳 Huns · China
1089
+14
🇺🇸 Vietnamese · United States
1064
+16
🇦🇷 Malay · Argentina
1051
-15
🇦🇷 Koreans · Argentina
1048
-15
primo78n
8:26 Loom
14:29 Feudal Age
21:21 Castle Age
20:24 Scale Mail Armor
20:36 Forging
20:50 Double-Bit Axe
20:48 Horse Collar
22:52 Squires
22:38 Arson
23:13 Chain Mail Armor
27:51 Bow Saw
32:07 Pikeman
33:20 Fletching
34:06 Iron Casting
41:56 Wheelbarrow
43:15 Hand Cart
45:10 Ballistics
44:49 Bodkin Arrow
45:02 Elite Skirmisher
47:49 Town Watch
55:39 Imperial Age
53:43 Gold Mining
53:44 Stone Mining
56:02 Town Patrol
57:01 Bracer
58:03 Chemistry
TIYA
7:16 Loom
13:26 Feudal Age
14:50 Double-Bit Axe
15:06 Fishing Lines
17:08 Wheelbarrow
18:00 Stone Mining
21:47 Castle Age
20:49 Gold Mining
20:44 Horse Collar
28:27 Bow Saw
37:20 Imperial Age
35:11 Hand Cart
35:50 Heavy Plow
37:41 Forging
37:08 Pikeman
39:02 Iron Casting
38:33 Halberdier
40:17 Chemistry
42:01 Elite Karambit Warrior
44:53 Arson
AoeAuthority.com
5:22 Loom
14:15 Feudal Age
15:59 Double-Bit Axe
22:23 Castle Age
20:48 Fletching
21:56 Padded Archer Armor
22:46 Horse Collar
23:36 Crossbowman
25:20 Bow Saw
26:45 Ballistics
27:23 Bodkin Arrow
29:44 Wheelbarrow
34:37 Leather Archer Armor
40:02 Imperial Age
38:53 Hand Cart
40:50 Arbalester
41:36 Bracer
42:06 Ring Archer Armor
44:29 Chemistry
43:55 Town Watch
46:21 Elite Rattan Archer
49:07 Elite Skirmisher
51:37 Imperial Skirmisher
59:02 Elite Fire Lancer
59:28 Arson
59:44 Squires
隐姓埋名
5:05 Loom
14:51 Feudal Age
17:59 Double-Bit Axe
24:35 Castle Age
24:38 Fishing Lines
26:30 Scale Barding Armor
26:36 Forging
27:32 Bloodlines
27:23 Husbandry
31:36 Bow Saw
31:56 Chain Barding Armor
34:21 Imperial Age
32:13 Gillnets
33:24 Chain Barding Armor
34:21 Iron Casting
34:54 Cavalier
36:51 Plate Barding Armor
38:18 Ballistics
38:59 Chemistry
37:55 Murder Holes
42:07 Parthian Tactics
41:03 Heavy Cavalry Archer
42:51 Padded Archer Armor
42:42 Fletching
44:23 Two-Man Saw
44:40 Leather Archer Armor
45:27 Blast Furnace
44:22 Bodkin Arrow
46:35 Wheelbarrow
47:58 Bracer
48:38 Hand Cart
52:58 Paladin
58:32 Guilds
Connection lost

Rejoining the realm…

Still unreachable

The connection could not be restored.

Session expired

The server has moved on; the page needs a fresh start.